 Dungeon Sprint DCSS version 0.30.1-4-g462c640d31 (webtiles) character file.

Game seed: 7697929130852823374

1197 Heoruswealwe the Cleaver (level 8, -2/80 HPs)
             Began as a Hill Orc Fighter on Aug 23, 2023.
             Was a Believer of the Shining One.
             Slain by a centaur warrior (6 damage)
             ... in the Dungeon (Sprint I: "Red Sonja").
             The game lasted 00:05:31 (707 turns).

Heoruswealwe the Cleaver (Hill Orc Fighter)          Turns: 707, Time: 00:05:32

Health: -2/80      AC: 12    Str: 20    XL:     8   Next: 44%
Magic:  8/8        EV:  9    Int:  7    God:    the Shining One [**....]
Gold:   459        SH:  6    Dex: 14    Spells: 7/7 levels left

rFire   . . .        a - +0 war axe
rCold   . . .        d - +0 buckler
rNeg    + . .        c - +0 chain mail
rPois   .            (no helmet)
rElec   .            (no cloak)
rCorr   .            (no gloves)
SInv    .            (no boots)
Will    .....        (no amulet) Stlth
                     (no ring)
HPRegen 0.33/turn    (no ring)
MPRegen 0.11/turn

%: no teleportation
@: glowing
A: agile 1
a: Renounce Religion, Divine Shield


You were in the Dungeon.
You worshipped the Shining One.
The Shining One was pleased with you.
You visited 1 branch You collected 459 gold pieces.

Inventory:

Hand Weapons
 a - a +0 war axe (weapon)
Armour
 c - a +0 chain mail (worn)
 d - a +0 buckler (worn)
Wands
 k - a wand of digging (4)
Scrolls
 e - a scroll of enchant weapon {unknown}
 j - a scroll of blinking


   Skills:
 + Level 10.3 Fighting
 + Level 13.9 Axes
 + Level 11.0 Armour
 - Level 3.0 Dodging
 - Level 1.2 Stealth
 + Level 7.9 Shields
 - Level 0.3 Evocations


You had 7 spell levels left.
You didn't know any spells.
Your spell library was empty.

Dungeon Overview and Level Annotations

Branches:
Dungeon (1/1)

Altars:
Cheibriados
Dithmenos
Elyvilon
Fedhas
Gozag
Hepliaklqana
Kikubaaqudgha
Makhleb
Nemelex Xobeh
Okawaru
Qazlal
Ru
Sif Muna
Trog
Uskayaw
Vehumet
Wu Jian
Xom
Yredelemnul
Zin
The Shining One
Jiyva
Lugonu

Shops:
D (


Innate Abilities, Weirdness & Mutations

You are agile. (Dex +4, Str/Int -1)


Message History

Found a scratched wooden ring, 4 stones and a scroll labelled YSOATA GEJU.
Found a potion of heal wounds.
The centaur warrior unwields a +0 shortbow.
The centaur warrior hits you!
The centaur warrior kicks you but does no damage.
The centaur warrior shoots an arrow.
The arrow closely misses you. The centaur warrior hits you!
* * * LOW HITPOINT WARNING * * *
The centaur warrior barely misses you.
There is an open door here.
You see here 4 stones.
You slash the centaur warrior!
The centaur warrior is lightly wounded.
The centaur warrior hits you!
* * * LOW HITPOINT WARNING * * *
The centaur warrior closely misses you.
You slash the centaur warrior!
The centaur warrior is moderately wounded.
The centaur warrior hits you but does no damage.
The centaur warrior kicks you but does no damage.
You slice the centaur warrior!!
The centaur warrior is severely wounded.
You hit the centaur warrior but do no damage.
The centaur warrior unwields a +0 shortbow.
You block the centaur warrior's attack.
The centaur warrior kicks you but does no damage.
The centaur warrior hits you but does no damage.
The centaur warrior barely misses you.
The centaur warrior hits you but does no damage.
The centaur warrior kicks you but does no damage.
You hit the centaur warrior but do no damage.
The centaur warrior is severely wounded.
You hit the centaur warrior.
The centaur warrior completely misses you.
The centaur warrior kicks you.
* * * LOW HITPOINT WARNING * * *
The centaur warrior hits you!
* * * LOW HITPOINT WARNING * * *
The centaur warrior closely misses you. The centaur warrior hits you.
You die...

.#!.)..#..'..#__#..')..#
.)..#..)..#..'..'..#)..#
.#####'#####'#__####...+
.####..#...#(####§§#####
.#__####..##[#~~~..#
.#_____##'#_.+§§§.§+
⌠#_.∩...'..._#§§§§§#
.#_..__##_.#'##c####
.#_____###+#.#?c@§#
######## ####+###


You could see 2 centaur warriors.

Vanquished Creatures
  2 kobold demonologists (D)
  Sigmund (D)
  A slime creature (D)
  A yak (D)
  A floating eye (D)
  An ogre (D)
  A jelly (D)
  Ijyb (D)
9 creatures vanquished.

Notes
Turn   | Place    | Note
-------+----------+-------------------------------------------
     0 | D        | Heoruswealwe the Hill Orc Fighter began the quest for the
                  | Orb.
     0 | D        | Reached XP level 1. HP: 19/19 MP: 1/1
     1 | D        | Noticed Ijyb
    23 | D        | Killed Ijyb
    24 | D        | Reached skill level 5 in Fighting
    24 | D        | Reached skill level 3 in Axes
    24 | D        | Reached XP level 2. HP: 5/29 MP: 2/2
    24 | D        | Reached XP level 3. HP: 6/36 MP: 3/3
   138 | D        | Noticed an ogre
   143 | D        | Killed an ogre
   144 | D        | Reached skill level 5 in Axes
   144 | D        | Reached skill level 5 in Shields
   144 | D        | Reached XP level 4. HP: 37/45 MP: 4/4
   211 | D        | Noticed Sigmund
   246 | D        | HP: 1/45 [something (2)]
   247 | D        | Killed Sigmund
   248 | D        | Reached skill level 8 in Axes
   248 | D        | Reached skill level 1 in Dodging
   248 | D        | Reached XP level 5. HP: 1/53 MP: 5/5
   248 | D        | Reached XP level 6. HP: 2/61 MP: 6/6
   463 | D        | Found an ornate altar of the Wu Jian Council.
   463 | D        | Found a shimmering blue altar of Sif Muna.
   465 | D        | Found a radiant altar of Vehumet.
   504 | D        | Found Niurroc's Weapon Emporium.
   504 | D        | Found an ancient bone altar of Kikubaaqudgha.
   504 | D        | Found a hazy altar of Hepliaklqana.
   504 | D        | Found a stormy altar of Qazlal.
   504 | D        | Found a hide-covered altar of Uskayaw.
   504 | D        | Found a blossoming altar of Fedhas.
   504 | D        | Found a bloodstained altar of Trog.
   504 | D        | Found an iron altar of Okawaru.
   504 | D        | Found a basalt altar of Yredelemnul.
   504 | D        | Found a glowing golden altar of the Shining One.
   504 | D        | Found a snail-covered altar of Cheibriados.
   504 | D        | Found a sacrificial altar of Ru.
   504 | D        | Found a glowing silver altar of Zin.
   504 | D        | Found a shadowy altar of Dithmenos.
   504 | D        | Found a white marble altar of Elyvilon.
   504 | D        | Noticed a yak
   510 | D        | Killed a yak
   511 | D        | Reached skill level 10 in Axes
   511 | D        | Reached XP level 7. HP: 62/69 MP: 7/7
   511 | D        | Found an opulent altar of Gozag.
   512 | D        | Found a sparkling altar of Nemelex Xobeh.
   518 | D        | Became a worshipper of the Shining One
   534 | D        | Found a burning altar of Makhleb.
   534 | D        | Found a viscous altar of Jiyva.
   534 | D        | Found a shimmering altar of Xom.
   534 | D        | Found a corrupted altar of Lugonu.
   534 | D        | Noticed a slime creature
   543 | D        | Killed a slime creature
   544 | D        | Reached skill level 11 in Axes
   544 | D        | Reached skill level 10 in Armour
   559 | D        | Noticed a kobold demonologist
   559 | D        | Reached * piety under the Shining One
   559 | D        | Noticed a kobold demonologist
   560 | D        | Paralysed by a floating eye for 3 turns
   561 | D        | Noticed an ice devil
   566 | D        | Killed a kobold demonologist
   566 | D        | Reached ** piety under the Shining One
   567 | D        | Reached skill level 13 in Axes
   567 | D        | Reached skill level 1 in Stealth
   567 | D        | Reached XP level 8. HP: 78/79 MP: 8/8
   576 | D        | Noticed an orange demon
   577 | D        | Noticed a hellwing
   578 | D        | Gained mutation: You are agile. (Dex +4, Str/Int -1) [a
                  | neqoxec]
   580 | D        | Killed a kobold demonologist
   581 | D        | Reached skill level 10 in Fighting
   696 | D        | Noticed a centaur warrior
   696 | D        | Noticed a centaur warrior
   707 | D        | HP: 4/80 [centaur warrior (11)]
   707 | D        | Slain by a centaur warrior

Illustrated notes

Levels and vault maps discovered:
D:        dungeon_sprint_1 [red_sonja_temple_1, red_sonja_temple_small_1]

Skill      XL: |  1  2  3  4  5  6  7  8 |
---------------+-------------------------+-----
Fighting       | 5 6 7 8 9 10 | 10.3
Axes           | 3 5 8 10 13 | 13.9
Armour         | 4 6 8 9 10 11 | 11.0
Shields        | 4 5 6 7 |  7.9
Dodging        | 1 2 3 |  3.0
Stealth        | 1 |  1.2
Evocations     | |  0.3

Action                     |  1- 3 |  4- 6 |  7- 9 || total
---------------------------+-------+-------+-------++-------
  Melee: War axe           |    25 |    30 |    30 ||    85
  Evoke: Wand              |     1 |       |       ||     1
    Use: Potion            |     1 |     3 |     1 ||     5
 Armour: Scale mail        |     7 |     2 |       ||     9
         Chain mail        |       |     4 |    17 ||    21
  Dodge: Dodged            |    10 |     4 |    17 ||    31
  Block: Buckler           |     3 |     1 |     9 ||    13
